 Dungeon Crawl Stone Soup version 0.22-a0-247-gbddf880 (webtiles) character file.

1217 wolfsongas the Fighter (level 8, -6/71 HPs)
             Began as a Gnoll Wanderer on Feb 23, 2018.
             Mangled by an orc warrior
             ... wielding a +0 hand axe
              (12 damage)
             ... on level 6 of the Dungeon.
             The game lasted 00:07:52 (4447 turns).

wolfsongas the Fighter (Gnoll Wanderer)             Turns: 4447, Time: 00:07:53

Health: -6/71      AC:  6    Str: 19    XL:     8   Next: 46%
Magic:  12/12      EV: 12    Int: 13    God:
Gold:   239        SH:  0    Dex: 14    Spells: 13/13 levels left

rFire    x . .     SeeInvis +   q - +2 halberd (flame)
rCold    + . .     Gourm    +   (shield currently unavailable)
rNeg     . . .     Faith    .   i - +0 ring mail
rPois    .         Spirit   .   (no helmet)
rElec    .         Reflect  .   (no cloak)
rCorr    .         Harm     .   c - +0 pair of gloves
MR       .....                  (no boots)
Stlth    ++........             r - amulet of the gourmand
HPRegen  0.21/turn              s - ring of ice
MPRegen  0.13/turn              x - ring of see invisible

@: no status effects
A: distributed training, fangs 1, strong nose
a: no special abilities


You were on level 6 of the Dungeon.
You were completely stuffed.

You visited 1 branch of the dungeon, and saw 6 of its levels.

You collected 239 gold pieces.

Inventory:

Hand Weapons
 a - a +3 hand crossbow
 q - a +2 halberd of flaming (weapon)
Missiles
 b - 6 bolts
Armour
 c - a +0 pair of gloves (worn)
 d - a +0 buckler
 i - a +0 ring mail (worn)
 n - a +0 plate armour
Jewellery
 r - an amulet of the gourmand (around neck)
 s - a ring of ice (left hand)
 x - a ring of see invisible (right hand)
Wands
 o - a wand of digging (11)
Scrolls
 g - a scroll of amnesia
 k - 2 scrolls of enchant weapon
 l - 4 scrolls of teleportation
 p - a scroll of remove curse
 u - a scroll of magic mapping
 w - a scroll of identify
Potions
 e - 3 potions of brilliance
 h - a potion of lignification
 j - 4 potions of curing
 m - a potion of magic
 t - a potion of heal wounds
Comestibles
 f - 6 rations
 v - 7 chunks of flesh


   Skills:
 + Level 9.1 Fighting
 + Level 3.2 Short Blades
 + Level 3.2 Long Blades
 + Level 3.2 Axes
 + Level 3.2 Maces & Flails
 + Level 3.2 Polearms
 + Level 3.2 Staves
 + Level 3.2 Slings
 + Level 5.6 Bows
 + Level 5.6 Crossbows
 + Level 3.2 Throwing
 + Level 3.2 Armour
 + Level 3.2 Dodging
 + Level 4.0 Stealth
 + Level 4.2 Shields
 + Level 3.2 Unarmed Combat
 + Level 3.2 Spellcasting
 + Level 2.6 Conjurations
 + Level 2.6 Hexes
 + Level 2.6 Charms
 + Level 2.6 Summonings
 + Level 2.6 Necromancy
 + Level 2.6 Translocations
 + Level 2.6 Transmutations
 + Level 2.6 Fire Magic
 + Level 2.6 Ice Magic
 + Level 2.6 Air Magic
 + Level 2.6 Earth Magic
 + Level 2.6 Poison Magic
 + Level 3.5 Invocations
 + Level 3.2 Evocations


You had 13 spell levels left.
You didn't know any spells.

Dungeon Overview and Level Annotations

Branches:
Dungeon (6/15)
 Temple: D:4-7

Altars:
Ashenzari
Nemelex Xobeh

Shops:
D:5 ==


Innate Abilities, Weirdness & Mutations

Your experience applies equally to all skills.
You have very sharp teeth.
Your uncanny sense of smell can sniff out nearby items.


Message History

You closely miss the orc warrior. Your bite misses the orc warrior.
The orc warrior is moderately wounded.
The orc warrior hits you with a hand axe!
* * * LOW HITPOINT WARNING * * *
You barely miss the orc warrior.
The orc warrior is moderately wounded.
The orc warrior hits you with a hand axe!
* * * LOW HITPOINT WARNING * * *
The orc warrior closely misses you.
You hit the orc warrior but do no damage.
The orc warrior is lightly wounded.
The orc warrior hits you but does no damage.
You hit the orc warrior but do no damage.
You bite the orc warrior, but do no damage.
The orc warrior is lightly wounded.
The orc warrior misses you.
You closely miss the orc warrior. You bite the orc warrior.
The orc warrior is moderately wounded.
The orc warrior hits you with a hand axe!
You die...

# ######### .. ∆
........# .# ###
........# .#.).
........#########.#.##
........#...)........#
..).....#...).##.....#.#
....(.(.................
####(.).....#..#@....#.
#....#.#.#..#.o...#
#.#<........#.......#
#.#..#.#..###.###....
#.#....#......# ###
#.##..###.##### #......
..# ... ...# .. ...#


You could see an orc warrior.

Vanquished Creatures
  Grinder (D:3)
  An ogre (D:5)
  2 centaurs
  A scorpion (D:5)
  2 howler monkeys (D:5)
  A jelly (D:5)
  3 hounds (D:4)
  2 orc priests
  A centaur skeleton (D:6)
  4 orc wizards
  Jessica (D:3)
  2 worker ants
  4 gnolls (D:5)
  9 adders
  An ooze (D:1)
  6 worms
  3 leopard geckos
  8 orcs
  6 bats
  7 giant cockroaches
  9 goblins
  8 hobgoblins
  14 jackals
  2 quokkas (D:5)
  A ball python (D:3)
  A giant cockroach zombie (D:5)
  6 kobolds
  A leopard gecko skeleton (D:5)
  4 rats
111 creatures vanquished.

Vanquished Creatures (others)
  An orc priest (D:6)
1 creature vanquished.

Grand Total: 112 creatures vanquished

Notes
Turn   | Place    | Note
-------+----------+-------------------------------------------
     0 | D:1      | wolfsongas the Gnoll Wanderer began the quest for the Orb.
     0 | D:1      | wolfsongas set off with: a +2 hand crossbow, 22 bolts, a +0 ring mail, a +0 buckler, a ration
     0 | D:1      | Reached XP level 1. HP: 26/26 MP: 1/1
   162 | D:1      | Reached XP level 2. HP: 33/33 MP: 2/2
   533 | D:1      | Reached XP level 3. HP: 38/38 MP: 3/3
   725 | D:2      | Reached skill level 1 in Invocations
   932 | D:2      | Reached skill level 1 in Short Blades
   932 | D:2      | Reached skill level 1 in Long Blades
   932 | D:2      | Reached skill level 1 in Axes
   932 | D:2      | Reached skill level 1 in Maces & Flails
   932 | D:2      | Reached skill level 1 in Polearms
   932 | D:2      | Reached skill level 1 in Staves
   932 | D:2      | Reached skill level 1 in Slings
   932 | D:2      | Reached skill level 1 in Throwing
   932 | D:2      | Reached skill level 1 in Armour
   932 | D:2      | Reached skill level 1 in Dodging
   932 | D:2      | Reached skill level 1 in Unarmed Combat
   932 | D:2      | Reached skill level 1 in Spellcasting
   932 | D:2      | Reached skill level 1 in Evocations
   962 | D:2      | Reached XP level 4. HP: 45/45 MP: 5/5
  1180 | D:2      | Reached skill level 1 in Conjurations
  1180 | D:2      | Reached skill level 1 in Hexes
  1180 | D:2      | Reached skill level 1 in Charms
  1180 | D:2      | Reached skill level 1 in Summonings
  1180 | D:2      | Reached skill level 1 in Necromancy
  1180 | D:2      | Reached skill level 1 in Translocations
  1180 | D:2      | Reached skill level 1 in Transmutations
  1180 | D:2      | Reached skill level 1 in Fire Magic
  1180 | D:2      | Reached skill level 1 in Ice Magic
  1180 | D:2      | Reached skill level 1 in Air Magic
  1180 | D:2      | Reached skill level 1 in Earth Magic
  1180 | D:2      | Reached skill level 1 in Poison Magic
  1636 | D:3      | Noticed Jessica
  1637 | D:3      | Killed Jessica
  1637 | D:3      | Reached XP level 5. HP: 51/51 MP: 5/7
  1811 | D:3      | Noticed Grinder
  1819 | D:3      | Paralysed by Grinder for 7 turns
  1828 | D:3      | Killed Grinder
  1828 | D:3      | Reached skill level 5 in Bows
  1828 | D:3      | Reached skill level 5 in Crossbows
  1828 | D:3      | Reached XP level 6. HP: 40/57 MP: 7/9
  2457 | D:4      | Found a shattered altar of Ashenzari.
  2493 | D:4      | Reached XP level 7. HP: 58/63 MP: 10/10
  2852 | D:4      | Found a sparkling altar of Nemelex Xobeh.
  3254 | D:5      | Entered Level 5 of the Dungeon
  3373 | D:5      | Reached skill level 9 in Fighting
  3431 | D:5      | Found Nuetyupp's Jewellery Boutique.
  3572 | D:5      | Found Wurie's Jewellery Shoppe.
  3728 | D:5      | Reached XP level 8. HP: 71/71 MP: 12/12
  4447 | D:6      | Mangled by an orc warrior

Vault maps used:
D:1:      giann_horns
D:2:      wad_pebble_path
D:3:      uniq_jessica, uniq_grinder
D:4:      nemelex_xobeh_ov_fountains_minmay, kennysheep_mini
D:5:      first_ration, serial_shops, shop, shop
D:6:      serial_shops, shop

Skill      XL: |  1  2  3  4  5  6  7  8 |
---------------+-------------------------+-----
Invocations    | 1 2 3 |  3.5
Short Blades   | 1 2 3 |  3.2
Long Blades    | 1 2 3 |  3.2
Axes           | 1 2 3 |  3.2
Maces & Flails | 1 2 3 |  3.2
Polearms       | 1 2 3 |  3.2
Staves         | 1 2 3 |  3.2
Slings         | 1 2 3 |  3.2
Throwing       | 1 2 3 |  3.2
Armour         | 1 2 3 |  3.2
Dodging        | 1 2 3 |  3.2
Unarmed Combat | 1 2 3 |  3.2
Spellcasting   | 1 2 3 |  3.2
Evocations     | 1 2 3 |  3.2
Conjurations   | 1 2 |  2.6
Hexes          | 1 2 |  2.6
Charms         | 1 2 |  2.6
Summonings     | 1 2 |  2.6
Necromancy     | 1 2 |  2.6
Translocations | 1 2 |  2.6
Transmutations | 1 2 |  2.6
Fire Magic     | 1 2 |  2.6
Ice Magic      | 1 2 |  2.6
Air Magic      | 1 2 |  2.6
Earth Magic    | 1 2 |  2.6
Poison Magic   | 1 2 |  2.6
Bows           | 5 |  5.6
Crossbows      | 5 |  5.6
Stealth        | 3 4 |  4.0
Shields        | 3 4 |  4.2
Fighting       | 9 |  9.1

Action                   |  1- 3 |  4- 6 |  7- 9 || total
-------------------------+-------+-------+-------++-------
Melee: Hand crossbow     |       |       |     7 ||     7
       Halberd           |       |       |    30 ||    30
       Bite              |       |       |     3 ||     3
 Fire: Hand crossbow     |    80 |    81 |    96 ||   257
  Use: Scroll            |     6 |     5 |     3 ||    14
  Eat: Chunk             |       |     3 |    19 ||    22
       Ration            |       |     1 |       ||     1
Armor: Ring mail         |     9 |     4 |    26 ||    39
Dodge: Dodged            |    27 |     6 |    35 ||    68
Block: Buckler           |     8 |     6 |     6 ||    20

Table legend:
 A = Spawn XP
 B = Non-spawn XP
 C = Spawn XP percentage of total XP
 D = Spawn monster count
 E = Non-spawn monster count
 F = Spawn count percentage of total count
 G = Total turns spent on level
                    A         B        C        D         E        F      G
               +---------+---------+-------+---------+---------+-------+---------
         Total |       0 |    1739 |   0.0 |       0 |     112 |   0.0 |  4447
               +---------+---------+-------+---------+---------+-------+---------
           D:1 |       0 |      49 |   0.0 |       0 |      24 |   0.0 |   690
           D:2 |       0 |     113 |   0.0 |       0 |      25 |   0.0 |   938
           D:3 |       0 |     356 |   0.0 |       0 |      16 |   0.0 |   805
           D:4 |       0 |     360 |   0.0 |       0 |      18 |   0.0 |   821
           D:5 |       0 |     587 |   0.0 |       0 |      21 |   0.0 |   930
           D:6 |       0 |     274 |   0.0 |       0 |       8 |   0.0 |   263
               +---------+---------+-------+---------+---------+-------+---------
